Map: Cyber Forest LE

Players

HeroMarine

  • Race: Terran Terran
  • Spawn Location: 5:00

SKillous - Winner!

  • Race: Protoss Protoss
  • League: Master
  • Spawn Location: 11:00

Event: 2019 WCS Winter Europe

VOD

Have the link to the VOD?

Description

Time

  • Played on: Feb. 1, 2019, 9:12 a.m.
  • Length: 11:09

All games in this series

Show
View Real Time Build Order
Export as new Build Order

HeroMarine Terran 

Build Orders: Reaper Expand 

Get SALT Encoding   

  12  0:00  SCV  
  13  0:12  SCV  
  14  0:17  Supply Depot  
  14  0:24  SCV  
  15  0:38  SCV  
  15  0:39  Barracks  
  16  0:44  Refinery  
  16  0:50  SCV  
  17  1:02  SCV  
  18  1:14  SCV  
  19  1:26  Reaper  
  19  1:27  Orbital Command  
  20  1:40  Command Center  
  20  1:50  Supply Depot  
  20  1:52  SCV  
  21  1:58  Marine  
  22  2:04  SCV  
  22  2:08  Factory  
  23  2:13  Refinery  
  23  2:16  SCV  
  23  2:22  Barracks Reactor  
  24  2:28  SCV  
  25  2:32  Barracks  
  25  2:40  SCV  
  26  2:52  SCV, Orbital Command, Factory Tech Lab  
  27  2:58  Marine  
  27  2:59  Marine  
  27  3:05  SCV  
  33  3:17  Marine x2  
  34  3:20  SCV x2  
  34  3:22  Siege Tank  
  34  3:25  Barracks Tech Lab  
  36  3:32  SCV  
  36  3:33  SCV  
  38  3:35  Marine x2  
  38  3:36  Supply Depot  
  40  3:42  Combat Shield  
  40  3:44  Marauder  
  40  3:45  SCV  
  40  3:46  SCV  
  44  3:54  Marine x2  
  46  3:58  Siege Tank  
  51  4:05  Marauder  
  51  4:06  Supply Depot  
  51  4:09  SCV x2  
  53  4:12  Supply Depot, Marine  
  54  4:28  SCV x2, Supply Depot, Marauder  
  54  4:29  Marine  
  54  4:30  Siege Tank  
  62  4:34  Marine  
  63  4:40  SCV x2  
  63  4:42  Engineering Bay  
  65  4:46  Marine  
  65  4:49  Marauder  
  65  4:51  Supply Depot, Marine  
  69  4:53  SCV x2  
  69  4:56  Barracks  
  71  5:03  Supply Depot  
  71  5:05  SCV x2  
  71  5:06  Marine  
  74  5:09  Marine  
  74  5:10  Marine  
  74  5:13  Siege Tank  
  79  5:15  Stimpack  
  79  5:18  Supply Depot  
  79  5:19  SCV  
  79  5:20  SCV  
  81  5:23  Refinery  
  81  5:25  Terran Infantry Weapons Level 1  
  81  5:27  Marine  
  82  5:31  Marine x2  
  82  5:34  SCV  
  85  5:39  Bunker  
  85  5:45  Marine  
  85  5:48  SCV x2  
  85  5:49  Marine  
  79  5:53  Marine  
  64  5:58  Starport  
  56  6:11  Marine x2  
  56  6:12  Command Center, Factory Reactor  
  56  6:18  Marauder x2  
  62  6:25  SCV  
  63  6:26  SCV  
  63  6:29  Marine x2  
  63  6:30  Barracks  
  63  6:31  Barracks  
  66  6:39  Marauder x2  
  72  6:41  Concussive Shells  
  72  6:44  Armory  
  70  6:48  SCV x2  
  70  6:49  Marine x2  
  70  6:50  Refinery  
  70  6:52  Engineering Bay  
  74  7:00  SCV x2, Factory Reactor, Marine x2  
  78  7:07  Medivac x2, Marine x2  
  84  7:12  SCV x2  
  86  7:18  Barracks Tech Lab, Marine, Barracks Reactor  
  86  7:19  Marine  
  86  7:20  Terran Infantry Armor Level 1  
  88  7:24  SCV x2, Orbital Command  
  88  7:25  Marine x2  
  92  7:33  Terran Infantry Weapons Level 2  
  92  7:36  SCV, Marine x2  
  95  7:37  Marine  
  95  7:42  Orbital Command, Marine  
  95  7:43  Marine  
  98  7:49  Medivac  
  100  7:51  SCV  
  100  7:52  SCV  
  100  7:54  Marine x4  
  106  8:01  Supply Depot  
  106  8:03  SCV  
  106  8:04  SCV, Missile Turret  
  108  8:11  Ghost Academy, Widow Mine  
  108  8:12  Medivac  
  112  8:20  Missile Turret  
  112  8:21  SCV  
  112  8:22  SCV  
  112  8:23  SCV, Missile Turret  
  115  8:32  Widow Mine x2  
  121  8:40  Supply Depot  
  122  8:41  Marine x2, Refinery  
  122  8:42  Marine x2  
  122  8:43  Refinery  
  125  8:49  Supply Depot  
  125  8:53  Ghost x2  
  125  9:01  SCV x2, Ghost, Liberator, Widow Mine x2  
  125  9:02  Supply Depot  
  133  9:07  Liberator, Marine x2  
  133  9:10  SCV, Marine x2  
  136  9:21  Marine  
  136  9:22  Marine  
  144  9:24  Marine x2  
  144  9:28  Marine x2  
  144  9:29  Orbital Command, Marine  
  137  9:39  Marine x2  
  137  9:42  Marine x2  
  141  9:48  Marauder, Supply Depot x2, Marine x2  
  147  9:57  Marine  
  147  9:58  Marauder  
  148  10:00  Marine  
  148  10:06  Supply Depot  
  149  10:09  Marine  
  149  10:10  Medivac x2, Marine, Widow Mine  
  149  10:11  Marine  
  160  10:15  Marine  
  160  10:18  Marine  
  160  10:19  Marine  
  164  10:27  Marine  
  165  10:28  Marine  
  143  10:36  Marauder  
  143  10:39  Marine x2  
  110  10:45  Starport  
  110  10:46  Marauder  
  110  10:47  Marauder, Marine x2  
  110  10:48  SCV x2  
Show
View Real Time Build Order
Export as new Build Order

SKillous Protoss - Winner!

Build Orders: 1 Gate Expand 

Get SALT Encoding   

  12  0:00  Probe  
  13  0:13  Probe  
  14  0:18  Pylon  
  14  0:24  Probe  
  15  0:32  Probe  
  15  0:37  Gateway  
  15  0:40  Probe  
  16  0:46  Assimilator  
  17  0:51  Probe  
  18  1:03  Probe  
  19  1:15  Probe  
  20  1:24  Cybernetics Core  
  20  1:33  Nexus  
  20  1:39  Pylon  
  20  1:43  Probe  
  21  1:48  Assimilator  
  21  1:51  Adept  
  21  1:55  Probe  
  21  2:01  Warp Gate  
  24  2:07  Probe  
  25  2:14  Stalker  
  25  2:16  Twilight Council  
  25  2:19  Probe  
  28  2:31  Probe  
  29  2:41  Probe  
  29  2:43  Probe  
  30  2:44  Stalker  
  30  2:49  Probe  
  33  2:55  Charge, Probe  
  35  2:59  Probe  
  36  3:08  Probe  
  36  3:11  Probe  
  38  3:15  Gateway  
  38  3:17  Gateway  
  38  3:19  Probe  
  38  3:20  Probe  
  40  3:27  Probe  
  40  3:31  Robotics Facility  
  40  3:32  Probe  
  42  3:38  Probe  
  42  3:40  Pylon  
  43  3:44  Probe  
  43  3:46  Assimilator  
  44  3:50  Probe  
  43  3:56  Probe  
  43  4:01  Sentry  
  43  4:02  Probe  
  47  4:05  Nexus  
  47  4:07  Pylon  
  47  4:11  Observer  
  47  4:17  Gateway  
  47  4:19  Gateway  
  48  4:24  Gateway  
  48  4:27  Probe  
  48  4:29  Probe  
  50  4:31  Zealot  
  50  4:34  Observer, Sentry  
  55  4:40  Zealot  
  55  4:43  Pylon  
  57  4:48  Probe x2  
  59  4:55  Observer  
  60  5:03  Zealot x3  
  60  5:05  Forge  
  60  5:06  Probe, Blink  
  60  5:07  Probe, Forge  
  68  5:12  Zealot  
  70  5:15  Immortal  
  70  5:17  Zealot  
  72  5:28  Zealot  
  78  5:31  Zealot  
  78  5:34  Protoss Ground Weapons Level 1  
  80  5:36  Zealot  
  80  5:37  Zealot  
  80  5:38  Protoss Ground Armor Level 1  
  84  5:52  Zealot x2  
  84  5:53  Probe  
  84  5:55  Probe  
  84  5:56  Probe  
  79  6:01  Probe  
  69  6:05  Immortal  
  69  6:07  Probe  
  69  6:08  Probe  
  69  6:09  Probe, Gateway  
  69  6:10  Gateway  
  77  6:19  Probe  
  77  6:20  Probe  
  77  6:21  Probe  
  77  6:25  Pylon  
  80  6:31  Probe  
  80  6:32  Probe  
  82  6:33  Probe  
  83  6:40  Immortal  
  83  6:41  Nexus  
  83  6:42  Pylon  
  83  6:45  Probe  
  84  6:49  Probe x2  
  84  6:54  Pylon, Protoss Ground Weapons Level 2  
  90  6:57  Probe  
  90  7:01  Probe x2, Pylon  
  93  7:09  Protoss Ground Armor Level 2, Probe  
  93  7:12  Gateway  
  93  7:13  Probe, Pylon, Gateway  
  95  7:16  Observer  
  95  7:17  Zealot x3, Pylon  
  102  7:26  Probe x3  
  105  7:38  Probe  
  105  7:42  Gateway  
  105  7:44  Observer, Gateway  
  106  7:48  Stalker x3  
  106  7:49  Robotics Bay  
  106  7:50  Stalker  
  106  7:51  Pylon  
  114  7:57  Assimilator  
  114  8:01  Assimilator  
  114  8:03  Zealot x4  
  122  8:07  Warp Prism  
  122  8:11  Zealot x2  
  122  8:12  Zealot  
  130  8:15  Pylon  
  130  8:22  Zealot  
  130  8:26  Stalker x4  
  140  8:35  Robotics Facility  
  139  8:42  Colossus  
  139  8:43  Zealot  
  139  8:44  Zealot  
  149  8:51  Zealot  
  149  8:52  Zealot x6  
  163  8:56  Pylon  
  163  8:59  Pylon  
  163  9:00  Pylon  
  163  9:10  Pylon  
  163  9:15  Zealot  
  163  9:17  Zealot x6  
  165  9:22  Colossus  
  175  9:24  Colossus  
  165  9:49  Probe x2  
  167  9:55  Nexus  
  167  9:56  Pylon  
  167  10:02  Colossus  
  167  10:04  Colossus  
  167  10:07  Stalker x2  
  181  10:23  Probe  
  181  10:24  Zealot, Assimilator, Stalker  
  181  10:25  Stalker x3  
  192  10:34  Zealot  
  192  10:35  Zealot x2  
  180  10:42  Zealot x4  
  164  10:52  Zealot x5  
  156  11:04  Zealot x4  
  156  11:05  Zealot x2  
Tags
 
Add a new tag
Caveats
  • Supply blocks, unpowered buildings, or Contaminate may cause inaccurate times.
  • Supply counts are checked every 10 seconds.